[Event "Romanian Championship 2024"]
[Site "Eforie Nord"]
[Date "2024.03.01"]
[Round "8.6"]
[White "Bulmaga, Irina"]
[Black "Bonte, Andrei-Mihai"]
[Result "0-1"]
[ECO "C50"]
[WhiteElo "2439"]
[BlackElo "2266"]
[Annotator "TA"]
[PlyCount "88"]
[EventDate "2024.02.24"]
[EventType "swiss"]
[EventCountry "ROU"]
[SourceTitle "playchess.com"]
[Source "ChessBase"]
[SourceQuality "1"]
[TimeControl "40/5400+30:900+30"]

1. e4 e5 2. Nf3 Nc6 3. Bc4 Bc5 4. d3 Nf6 5. Nc3 O-O 6. h3 Re8 7. a3 Nd4 8. Bg5 c6 {[%emt 0:01:40] The position is equal.} 9. Ba2 h6 10. Bh4 d6 11. Na4 Qa5+ 12. c3 {[%emt 0:04:23] Bxf6 would now be deadly.} Nxf3+ 13. gxf3 {[%emt 0:00:33] Strongly threatening Bxf6.} Qd8 14. Qd2 {[%emt 0:08:26] [#]} (14. d4 $11 exd4 15. cxd4) 14... Nxe4 $1 $17 {[%emt 0:04:02][%mdl 512] White is now going downhill.} 15. Bxd8 (15. fxe4 Qxh4) 15... Nxd2 {[%emt 0:00:06] Black is more active.} 16. Kxd2 {[%emt 0:00:04] And now Nxc5 would win.} Rxd8 17. Nxc5 dxc5 18. Rae1 Bf5 19. Rxe5 Bxd3 20. Kc1 c4 21. Rhe1 Kf8 22. b3 cxb3 23. Bxb3 Re8 {[%emt 0:01:19] Dodges Re7} 24. R5e3 Rad8 25. h4 Bg6 26. Bc4 f6 27. a4 Bf7 28. Be2 a5 29. Kc2 Bg6+ 30. Kc1 Rd5 31. Rg1 Bf7 32. Re4 Rde5 33. Bd3 Bd5 34. Rxe5 Rxe5 $19 {[%emt 0:00:07][%mdl 4096] Endgame. KRB-KRB} ({But not} 34... fxe5 35. Be4 $19) 35. f4 Rh5 36. Kd2 Rxh4 37. c4 Bf7 38. Rb1 Rxf4 {[%emt 0:00:20] Black is clearly winning.} 39. Ke3 g5 40. Rxb7 Bxc4 41. Bg6 Bd5 42. Bc2 h5 43. Ra7 h4 {[%emt 0:01:25] [#] Threatens to win with ...h3.} 44. Ra8+ Ke7 {[%emt 0:00:29] Weighted Error Value: White=0.24 (precise) /Black=0.04 (flawless) .  Mistake:       	White=1     	---        Inaccurate:     	White=3     	Black=1      OK:         	White=15    	Black=22     Best:        	White=1     	Black=2      Brilliant:      	---       	Black=1} 0-1

[Event "Romanian Championship 2024"]
[Site "Eforie Nord"]
[Date "2024.03.01"]
[Round "8.7"]
[White "Vilcu, Matei-Stefan"]
[Black "Cosma, Ioan"]
[Result "0-1"]
[ECO "C13"]
[WhiteElo "2176"]
[BlackElo "2316"]
[Annotator "TA"]
[PlyCount "126"]
[EventDate "2024.02.24"]
[EventType "swiss"]
[EventCountry "ROU"]
[SourceTitle "playchess.com"]
[Source "ChessBase"]
[SourceQuality "1"]
[TimeControl "40/5400+30:900+30"]

1. e4 e6 2. d4 d5 3. Nc3 Nf6 4. Bg5 dxe4 5. Nxe4 Be7 6. Bxf6 gxf6 7. Nc3 a6 8. g3 Nc6 9. Nge2 e5 10. dxe5 Qxd1+ 11. Rxd1 Nxe5 12. Bg2 {[%emt 0:03:41] Against Nf3+} c6 13. O-O Bd7 14. Nd4 O-O-O 15. Be4 Bc5 16. Nce2 (16. Nf5 $15) 16... Nc4 (16... Rhe8 $1 $17 {Hoping for ...Bg4.} 17. Nb3 Bf8) 17. b3 $11 Nd6 18. Bg2 Nf5 (18... Nb5 $15) 19. c3 Kc7 20. Nf4 Bc8 21. Nf3 Nd6 22. Rfe1 Nb5 23. Ne2 Rxd1 24. Rxd1 Re8 25. Re1 a5 {[%emt 0:04:24] Black is much more active.} 26. a4 {[%emt 0:03:11] [#]} Nxc3 $1 27. Nxc3 Rxe1+ $1 28. Nxe1 {[%emt 0:00:01] Ne4 would now be deadly.} Bb4 29. Nd5+ cxd5 $17 {[%emt 0:00:28][%mdl 4096] Endgame. KBB-KBN} 30. Nd3 Kd6 {[%emt 0:01:02] And now ...Bf5 would win.} 31. Kf1 b6 32. Ke2 Ba6 33. Ke3 Bc5+ 34. Kd2 h6 35. Bf3 f5 36. Bh5 Ke7 37. Bf3 Kd6 38. Bh5 f6 39. Bf3 Bc8 40. Nf4 (40. Bh5 $17 {might work better.}) 40... Bxf2 $19 41. Ke2 Bg1 42. Bxd5 Ba6+ (42... Bxh2 43. Kf2 $11) 43. Kf3 Kc5 (43... Bxh2 44. Kg2 $16) 44. Be6 Bd4 ({Not} 44... Bxh2 45. Kg2 $16 (45. Bxf5 $2 {is the wrong capture.} Bg1 $19)) (44... Kb4 $19 {is more deadly. ...Bb7+ is the strong threat.} 45. Bd5 b5 (45... Bxh2 46. Kg2 $14) 46. axb5 Bxb5) 45. Bxf5 $17 Be5 46. Ke3 (46. Be6 $11) 46... Bxf4+ 47. gxf4 {[%emt 0:00:18] KB-KB} Bb7 {[%emt 0:01:13] aiming for ...Bd5.} 48. Be6 Kb4 49. Kd3 Bf3 50. Kd2 {[%emt 0:00:16] Prevents Bd1.} Be4 51. Bc4 $2 {[%emt 0:01:02][%mdl 8192] [#]} (51. Bf7 $15) 51... b5 $1 $19 52. Bxb5 (52. Be6 bxa4) 52... Kxb3 53. Ke3 {[%emt 0:00:42] [#]} Bb7 $2 (53... Bc2 $1 $19 54. Kd2 Bf5) 54. Kd3 Kb4 55. Kd4 {[%emt 0:00:04] Wards off Bd5} Bf3 {[%emt 0:00:07] Strongly threatening ...Bd1.} 56. Be8 $2 (56. f5 $11) 56... Bd1 57. Bd7 Bxa4 58. Bxa4 Kxa4 {[%emt 0:00:04] K3P-KPP} 59. Kc4 f5 60. h3 h5 61. h4 Ka3 62. Kc3 a4 63. Kc2 Kb4 0-1

[Event "Romanian Championship 2024"]
[Site "Eforie Nord"]
[Date "2024.03.01"]
[Round "8.8"]
[White "Stoleriu, George"]
[Black "Prisacaru, Stefan-Emilian"]
[Result "1-0"]
[ECO "C48"]
[WhiteElo "2391"]
[BlackElo "2289"]
[Annotator "TA"]
[PlyCount "133"]
[EventDate "2024.02.24"]
[EventType "swiss"]
[EventCountry "ROU"]
[SourceTitle "playchess.com"]
[Source "ChessBase"]
[SourceQuality "1"]
[TimeControl "40/5400+30:900+30"]

1. e4 e5 2. Nf3 Nc6 3. Nc3 Nf6 4. Bb5 Nd4 5. Bc4 d6 6. Ng5 Ne6 7. Nxe6 Bxe6 8. Bxe6 fxe6 9. d4 Be7 10. dxe5 dxe5 11. Qe2 O-O 12. Qc4 Qd7 13. O-O Bd6 14. a4 Kh8 15. f3 Qe7 16. Be3 Nd7 17. Kh1 a6 18. a5 Rac8 19. Rfd1 Rfd8 20. Rd2 Nb8 21. Qb3 Bb4 (21... c5 $16 {was called for.}) 22. Rxd8+ $18 Rxd8 23. Ne2 (23. Bg5 $18 {has better winning chances.} Qxg5 24. Qxb4) 23... Bc5 24. Bxc5 Qxc5 25. Nc3 (25. Qxe6 Qxc2 26. Nc3 Nc6 $11 (26... Qxb2 27. Rd1 $14)) (25. Qxb7 $16 {next Nc3 is good for White.} h6 (25... Qxc2 $2 26. Nc3 $18) 26. h3) 25... Qc6 26. h3 Rd4 27. Ne2 Rd6 28. Ra4 Qb5 29. Qxb5 (29. Rc4 {feels hotter.} Qxb3 30. Rxc7 Rd1+ 31. Kh2) 29... axb5 30. Rb4 c6 31. Rb3 Na6 ({Don't play} 31... Rd2 32. c4 $16 (32. Rd3 Rxd3 33. cxd3 Kg8 $17)) 32. Rd3 Rxd3 33. cxd3 Nc5 34. d4 exd4 35. Nxd4 e5 36. Nf5 Nb3 37. Nd6 Nxa5 38. Nf7+ Kg8 39. Nxe5 c5 40. Kg1 b4 41. Kf2 b5 42. Ke2 g5 ({Better is} 42... c4 $11) 43. g3 (43. Nd3 $14 Nb7 44. Ke3) 43... c4 $11 44. f4 b3 45. Kd2 b4 46. fxg5 c3+ 47. Kc1 $1 Nb7 48. Nd3 Nd6 49. e5 Nc4 50. h4 (50. Nxb4 $2 {is the wrong capture.} Nxb2 51. h4 Nc4 $19) 50... Kf7 {[%emt 0:01:42] [#]} (50... Kf8 $1 $11) 51. h5 $1 $16 c2 (51... cxb2+ $16 52. Kb1 Nd2+ 53. Kxb2 Ne4) 52. Nc5 $1 $18 ({And not} 52. Nxb4 Nxe5 53. Nxc2 bxc2 $11) 52... Nxe5 53. Nxb3 Nf3 54. Kxc2 Nxg5 55. Nc5 Nf3 $2 (55... h6 56. Kb3 Nh7) 56. Kb3 $18 Kf6 57. Kxb4 Ne5 58. Ne4+ Kf5 59. Nf2 Kg5 60. g4 Kf4 {[%emt 0:00:24] [#]} 61. Kc5 $1 Kf3 62. Kd5 Nd7 63. g5 Kxf2 64. Kd6 Nb6 65. g6 hxg6 66. hxg6 Nc4+ 67. Ke6 1-0

[Event "Romanian Championship 2024"]
[Site "Eforie Nord"]
[Date "2024.03.01"]
[Round "8.9"]
[White "Secheres, Adrian-Simion"]
[Black "Voiteanu, Gabriel"]
[Result "1-0"]
[ECO "D87"]
[WhiteElo "2371"]
[BlackElo "2151"]
[Annotator "TA"]
[PlyCount "65"]
[EventDate "2024.02.24"]
[EventType "swiss"]
[EventCountry "ROU"]
[SourceTitle "playchess.com"]
[Source "ChessBase"]
[SourceQuality "1"]
[TimeControl "40/5400+30:900+30"]

1. d4 Nf6 2. c4 g6 3. Nc3 d5 4. cxd5 Nxd5 5. e4 Nxc3 6. bxc3 Bg7 7. Bc4 O-O 8. Ne2 c5 9. Be3 cxd4 10. cxd4 Nc6 11. Rc1 Qa5+ 12. Rc3 Rd8 {[%emt 0:12:40][%cal Oc6d4] Hoping for ...Nxd4!} 13. Qd2 Ne5 {[%emt 0:11:23] The position is equal.} 14. Bd5 Bg4 $2 15. dxe5 $18 Bxe2 16. Kxe2 e6 17. Bg5 $1 exd5 18. Bxd8 Rxd8 19. Rd3 (19. Rhc1 $1 $18 {and White stays clearly on top. aiming for Rc8.} Qa4 (19... Bxe5 $2 {is the wrong capture.} 20. Rc8 $18) (19... dxe4 $2 20. Qxd8+ Qxd8 21. Rc8 $18) 20. Rc8 (20. exd5 Bxe5 21. Rc4 Qd7 $18) 20... Qxe4+ 21. Qe3 Qg4+ (21... Qxe3+ $2 22. Kxe3 Rf8 23. Kd4 $18) 22. f3 (22. Qf3 Rxc8 23. Qxg4 Rxc1 $18) 22... Qxc8 (22... Qxg2+ $2 23. Kd3 $18) 23. Rxc8 Rxc8 24. g3 (24. Qxa7 Bxe5 25. Qxb7 Rc2+ 26. Kf1 Rc1+ 27. Ke2 Rc2+ 28. Kf1 Rc1+ 29. Ke2 Rc2+ $11)) 19... Qb5 20. exd5 Rxd5 {[%emt 0:06:30] [#]} 21. Rd1 $1 Bxe5 22. Kf1 Qc4 23. Qe2 Rxd3 24. Rxd3 $16 {[%emt 0:00:17][%mdl 4096] Endgame. Threatening mate with Rd8+. KQR-KQB} Qc1+ 25. Rd1 Qc7 26. g3 h5 27. Qe4 Kg7 28. Kg2 Bf6 {[%emt 0:00:09] [#]} 29. Rd2 (29. Qa4 $1 $18) 29... Qa5 (29... b6 $16 30. Rd5 a5) 30. Rc2 Qb6 (30... h4 {was necessary.} 31. gxh4 (31. Qxb7 h3+ 32. Kf1 Qd8 $16) 31... b6) 31. Rc8 $18 {[%emt 0:02:45] Threatens to win with Qe8.} Qb5 (31... Qd6 {was worth a try.} 32. h4 (32. Qxb7 Qe6 $18) 32... b6) 32. Rc7 b6 (32... a5 $18 33. Qe6 (33. Rxb7 Qc5 $18) (33. Qxb7 Qxb7+ 34. Rxb7 Bc3 $18) 33... Qc6+ 34. Rxc6 fxe6) 33. Qe6 {[%emt 0:00:16] Weighted Error Value: White=0.15 (very precise) /Black=0.63.  Loses game:     	---       	Black=1      Mistake:       	White=2     	Black=4      OK:         	White=8     	Black=5      Best:        	White=3     	Black=1      Strong:       	White=2     	---} 1-0

[Event "Romanian Championship 2024"]
[Site "Eforie Nord"]
[Date "2024.03.01"]
[Round "8.10"]
[White "David, Alexandru-Vasile"]
[Black "Nastore, Pavel-Alexandru"]
[Result "1/2-1/2"]
[ECO "B50"]
[WhiteElo "2360"]
[BlackElo "2182"]
[Annotator "TA"]
[PlyCount "43"]
[EventDate "2024.02.24"]
[EventType "swiss"]
[EventCountry "ROU"]
[SourceTitle "playchess.com"]
[Source "ChessBase"]
[SourceQuality "1"]
[TimeControl "40/5400+30:900+30"]

1. e4 c5 2. Nf3 d6 3. Nc3 Nf6 4. h3 a6 5. a4 Nc6 6. d4 cxd4 7. Nxd4 e5 8. Nxc6 bxc6 9. Bd3 Be7 10. a5 O-O 11. O-O d5 12. Qe2 d4 13. Nb1 Ne8 14. Nd2 Nd6 15. Nc4 ({Better is} 15. f4 $14) 15... Nxc4 $11 16. Bxc4 Bd6 17. f4 exf4 18. e5 {[%emt 0:00:07] Against Qf6} Bc5 {[%emt 0:03:00] ...d3+ is the strong threat.} 19. Bd3 {[%emt 0:02:14] [#]} Bf5 {[%emt 0:04:32] Dodges Qe4} 20. Bxf4 (20. Bxf5 $2 {too greedy.} d3+ $19) 20... Bxd3 21. cxd3 Qd5 22. Rfc1 {[%emt 0:18:34] Weighted Error Value: White=0.11 (very precise) /Black=0.05 (flawless) .  Mistake:       	White=1     	---        Inaccurate:     	White=1     	Black=1      OK:         	White=6     	Black=7      Best:        	---       	Black=1      Brilliant:      	---       	Black=1} 1/2-1/2

[Event "Romanian Championship 2024"]
[Site "Eforie Nord"]
[Date "2024.03.01"]
[Round "8.11"]
[White "Maximov, Oleg"]
[Black "Ciorgovean, Iustin"]
[Result "1/2-1/2"]
[ECO "B25"]
[WhiteElo "2186"]
[BlackElo "2310"]
[Annotator "TA"]
[PlyCount "54"]
[EventDate "2024.02.24"]
[EventType "swiss"]
[EventCountry "ROU"]
[SourceTitle "playchess.com"]
[Source "ChessBase"]
[SourceQuality "1"]
[TimeControl "40/5400+30:900+30"]

1. e4 c5 2. Nf3 d6 3. g3 Nf6 4. d3 Nc6 5. Bg2 g6 6. O-O Bg7 7. Nc3 O-O 8. h3 Rb8 9. a4 a6 10. Re1 Nd7 11. Be3 Nd4 12. Nd2 b5 13. axb5 axb5 14. Nd5 e6 15. Nf4 b4 16. Rb1 Qc7 17. Ne2 Nxe2+ 18. Qxe2 Nb6 19. Nc4 f5 (19... Nxc4 $15 20. dxc4 Bb7) 20. exf5 $11 {[%emt 0:02:24] The position is equal.} gxf5 21. Bf4 e5 22. Nxb6 Rxb6 23. Bd5+ Kh8 24. Bg5 Bb7 25. Qf3 h6 {[%emt 0:02:11] [#] And now ...Bxd5 would win.} 26. Bd2 Bxd5 27. Qxd5 Qc6 {[%emt 0:00:05] Weighted Error Value: White=0.08 (flawless) /Black=0.09 (flawless) .  Mistake:       	---       	Black=1      Inaccurate:     	White=2     	Black=1      OK:         	White=5     	Black=5      Best:        	---       	Black=1} 1/2-1/2

[Event "Romanian Championship 2024"]
[Site "Eforie Nord"]
[Date "2024.03.01"]
[Round "8.12"]
[White "Radu, David Cr."]
[Black "Serban, Cristian-Stefan"]
[Result "1-0"]
[ECO "B13"]
[WhiteElo "2142"]
[BlackElo "2309"]
[Annotator "TA"]
[PlyCount "125"]
[EventDate "2024.02.24"]
[EventType "swiss"]
[EventCountry "ROU"]
[SourceTitle "playchess.com"]
[Source "ChessBase"]
[SourceQuality "1"]
[TimeControl "40/5400+30:900+30"]

1. e4 c6 2. d4 d5 3. exd5 cxd5 4. Bd3 Nc6 5. c3 Nf6 6. Bf4 Bg4 7. Qb3 Qd7 8. Nd2 e6 9. Ngf3 Bd6 10. Bxd6 Qxd6 11. O-O O-O 12. Rae1 Ne7 13. Ne5 {[%emt 0:02:46] White has an edge.} (13. Qxb7 Rfb8 14. Qa6 Qxa6 15. Bxa6 Rxb2 $17) 13... Bf5 14. Bxf5 (14. Qxb7 $2 Bxd3 (14... Rfb8 15. Qa6 $17) 15. Nxd3 Rfb8 $19) 14... Nxf5 15. g4 Ne7 16. Qb5 (16. Qxb7 $2 Rfb8 17. Ndc4 dxc4 $19) 16... Qc7 17. Qe2 b5 18. a3 (18. Qxb5 Rfb8 19. Qa6 Rxb2 $17) 18... a5 19. Nd3 (19. Qxb5 Rab8 20. Qd3 Rxb2 $17) 19... Nc6 20. f4 b4 21. g5 Nd7 22. f5 exf5 23. Rxf5 bxc3 24. bxc3 Qd6 25. a4 Rab8 26. Rf3 Nb6 27. Nc5 Qg6 28. Rg3 Rfd8 (28... Qf5 $11) 29. h4 $1 $14 h5 30. Qd3 {[%emt 0:02:14] White is more active.} (30. Re3 $14) 30... Qxd3 $11 31. Rxd3 Nd7 32. Ndb3 Nf8 33. Kg2 Ng6 34. Kg3 {[%emt 0:01:38] Dodges Nf4} Re8 35. Rde3 Rxe3+ 36. Rxe3 Nge7 37. Rf3 {[%emt 0:01:37] Wards off Nf5+} Nc8 38. Rf5 Nb6 39. Nc1 Rd8 40. N1d3 Nc4 41. Rf1 Ne7 42. Nf4 g6 43. Rb1 Nd6 {[%emt 0:04:19] Prevents Rb7.} (43... Ne3 $11) 44. Re1 Ndf5+ 45. Kh3 Rb8 46. Nd7 Rb2 47. Nf6+ Kg7 48. N4xd5 Nxd5 49. Nxd5 {[%emt 0:00:00][%mdl 4096] Endgame. KRN-KRN} Rd2 50. Re8 {[%emt 0:00:00] [#] Nf6 is the strong threat.} Rd3+ 51. Kg2 $1 Nxh4+ 52. Kf2 {[%emt 0:04:30] Nf6 would now be deadly.} Rf3+ 53. Ke2 {[%emt 0:00:30] Strongly threatening Nf6.} Rg3 $1 54. Ne3 $1 {[%emt 0:00:30] [#] Black must now prevent d5.} Nf5 ({Much weaker is} 54... Rxg5 $6 55. c4 Nf5 56. Nxf5+ gxf5 (56... Rxf5 $2 {too greedy.} 57. c5 $18) 57. c5 Rg2+ 58. Kd3 $16) 55. d5 {[%emt 0:00:00] aiming for Nxf5+.} Nd6 56. Re5 Rg1 (56... h4 $5 57. Kf2 $8 Rxg5 58. Rxg5 Ne4+ 59. Kg2 Nxg5 $11) 57. c4 {[%emt 0:00:00] Hoping for c5.} Rc1 58. Re7 $1 {[%emt 0:00:00] And now Kd2 would win.} Nxc4 {[%emt 0:00:22][%mdl 8192] This move loses the game for Black.} (58... h4 $11 59. Kf3 (59. Kd2 $2 Ra1 $19) 59... Kf8 (59... Nxc4 60. Nxc4 Rxc4 61. d6 $15)) 59. Rc7 $18 {[%emt 0:00:00] White is clearly winning.} Nxe3 60. Rxc1 Nxd5 61. Rc5 Nf4+ 62. Kf3 Ne6 63. Rxa5 {[%emt 0:00:00] Weighted Error Value: White=0.05 (flawless) /Black=0.06 (flawless) .  Loses game:     	---       	Black=1      Mistake:       	White=1     	Black=2      Inaccurate:     	White=2     	---        OK:         	White=16    	Black=24     Best:        	White=4     	Black=4      Strong:       	White=4     	Black=1} 1-0

[Event "Romanian Championship 2024"]
[Site "Eforie Nord"]
[Date "2024.03.01"]
[Round "8.13"]
[White "Antal, Hunor-Zoltan"]
[Black "Botea, David-Alexandru"]
[Result "1-0"]
[ECO "A13"]
[WhiteElo "2272"]
[BlackElo "2081"]
[Annotator "TA"]
[PlyCount "95"]
[EventDate "2024.02.24"]
[EventType "swiss"]
[EventCountry "ROU"]
[SourceTitle "playchess.com"]
[Source "ChessBase"]
[SourceQuality "1"]
[TimeControl "40/5400+30:900+30"]

1. Nf3 d5 2. e3 Nf6 3. c4 e6 4. b3 Be7 5. Bb2 O-O 6. Nc3 dxc4 7. bxc4 c5 8. Be2 b6 {[%emt 0:01:45] The position is equal.} 9. d3 Nc6 10. O-O Bb7 11. Qc2 Rc8 12. Rad1 Qc7 13. Nd2 Ne8 14. f4 f5 15. Nf3 Nd6 16. h3 a6 17. a4 (17. Rb1 $11) 17... Nf7 $15 18. Ba1 Nb4 19. Qb2 {[%emt 0:00:59][%cal Oc3d5] [#] And now Nd5! would win.} Bf6 20. Qb3 e5 (20... g5 $17) 21. Nd5 $11 Bxd5 22. cxd5 Qd6 23. fxe5 Nxe5 24. Bxe5 Bxe5 25. d4 Bf6 26. dxc5 bxc5 27. Nd2 $1 Qd7 28. Nc4 Rcd8 29. a5 $36 {[%emt 0:11:12][%mdl 2048] White has the initiative.} g6 (29... Nxd5 $2 30. Nb6 Qe8 31. Nxd5 $18) 30. d6 Kg7 31. Kh1 Qe6 32. Bf3 Be5 33. Bd5 Nxd5 (33... Qf6 $1 $11 {remains equal.}) 34. Qb7+ $16 Rf7 35. Qxd5 {[%emt 0:00:08] White is more active.} Qxd5 36. Rxd5 Bf6 (36... Bg3 $16) 37. Rb1 Rc8 38. d7 Rd8 39. Rb7 (39. Rxc5 Rfxd7 40. g4 fxg4 $11) 39... Bc3 40. Nd6 $2 (40. Rxc5 Rdxd7 41. Rxd7 Rxd7 $11) (40. g3 $18) 40... Re7 $14 41. Nc4 {[%emt 0:11:03][%cal Og2g3] [#] Hoping for g3!} Kf8 $2 (41... Rf7 $1 $11 42. g3 (42. Rxc5 Rfxd7 43. Rxd7+ Rxd7 $11) 42... Re7) 42. Rc7 $18 {[%emt 0:00:49][%cal Oc7c8] Threatens to win with Rc8!} (42. Rxc5 Rdxd7 43. Rxd7 Rxd7 $11) 42... Kg7 (42... Re6 $142 43. Rcxc5 (43. Rdxc5 Bb4 $18) 43... Ke7) 43. Kg1 ({Worse is} 43. Rcxc5 Rdxd7 44. Rxd7 Rxd7 $11) 43... Kf6 44. Kf2 {[%emt 0:00:35] Repels Be1+} ({Inferior is} 44. Rcxc5 Rdxd7 45. Rxd7 (45. Nb6 Rc7 $14) 45... Rxd7 $11) 44... Bb4 45. Kf3 h6 $2 (45... Re6 {was necessary.} 46. g4 fxg4+ 47. hxg4 Ke7) 46. Rc6+ {[%emt 0:00:29] White is clearly winning.} Re6 47. Rxe6+ Kxe6 48. Rd6+ {[%emt 0:00:08] Weighted Error Value: White=0.18 (very precise) /Black=0.33.  Loses game:     	---       	Black=1      Missed win:     	White=1     	---        Mistake:       	White=1     	Black=5      Inaccurate:     	White=3     	Black=3      OK:         	White=15    	Black=14     Best:        	White=5     	Black=2      Strong:       	White=1     	---} 1-0

[Event "Romanian Championship 2024"]
[Site "Eforie Nord"]
[Date "2024.03.01"]
[Round "8.14"]
[White "Tudor, Henry Edward"]
[Black "Lucaci, Alin-Marian"]
[Result "1-0"]
[ECO "A40"]
[WhiteElo "2239"]
[BlackElo "1749"]
[Annotator "TA"]
[PlyCount "57"]
[EventDate "2024.02.24"]
[EventType "swiss"]
[EventCountry "ROU"]
[SourceTitle "playchess.com"]
[Source "ChessBase"]
[SourceQuality "1"]
[TimeControl "40/5400+30:900+30"]

1. d4 e6 2. c4 b6 3. e4 Bb7 4. Bd3 Nc6 5. Ne2 g6 6. Nbc3 Bg7 7. Be3 Nge7 8. h4 {[%emt 0:11:15] White has an edge.} d5 9. cxd5 exd5 10. e5 Qd7 11. h5 Rg8 (11... O-O-O $5) 12. Rc1 O-O-O 13. Bg5 ({White should try} 13. Bf4 $14) 13... Rdf8 (13... Rgf8 $11) 14. Bxe7 Nxe7 15. Nb5 $36 {[%emt 0:00:11][%mdl 2048] White is pushing. White is more active.} Nc6 $2 (15... c6 $1 $14) 16. Qa4 $18 a6 17. Rxc6 axb5 (17... Bxc6 18. Na7+ (18. Qxa6+ Kd8 $18) 18... Kb7 19. Nxc6 (19. Bxa6+ $2 {perishes.} Kxa7 20. Qa3 Kb8 $19) (19. Qxa6+ Kb8 $16) 19... Ra8 20. Na5+ Kc8) 18. Bxb5 {[%emt 0:00:26] Rxb6 is the strong threat.} Qf5 {[%emt 0:01:14] [#]} 19. h6 $1 Bh8 {[%emt 0:00:08] Black is weak on the dark squares} (19... Bxe5 20. dxe5) 20. Rc1 f6 21. Bc6 fxe5 22. Bxb7+ Kxb7 23. Qc6+ Kb8 24. Qxc7+ Ka8 25. O-O (25. Rh3 $142 Qxh3 26. gxh3 Rc8 27. Qxc8+ (27. Qxb6 Rxc1+ 28. Nxc1 Rc8 $18) 27... Rxc8 28. Rxc8+ Kb7 29. Rxh8 g5 30. Rxh7+ (30. dxe5 Kc6 31. Rxh7 g4 32. hxg4 b5 33. e6 Kd6 34. e7 d4) 30... Kc6 31. Ra7 (31. dxe5 g4 32. hxg4 b5 33. e6 Kd6 34. e7 d4 35. e8=Q d3 36. Rd7+ Kc5 37. Qe5+ Kb4 38. Qd4+ Ka5 39. Ra7#)) 25... exd4 26. Qxb6 {[%emt 0:00:19][%cal Oc1c7] [#] Rc7! would kill now.} Rc8 27. Qa6+ Kb8 28. Qb6+ Ka8 29. Nxd4 {[%emt 0:00:29] Weighted Error Value: White=0.69/Black=0.86.  Loses game:     	---       	Black=1      Mistake:       	White=1     	Black=2      Inaccurate:     	White=1     	Black=3      OK:         	White=7     	Black=5} 1-0

[Event "Romanian Championship 2024"]
[Site "Eforie Nord"]
[Date "2024.03.01"]
[Round "8.15"]
[White "Daianu, Cristian-Clement"]
[Black "Sava, Robert-Gabriel"]
[Result "1/2-1/2"]
[ECO "C08"]
[WhiteElo "2201"]
[BlackElo "2053"]
[Annotator "RC"]
[PlyCount "52"]
[EventDate "2024.02.24"]
[EventType "swiss"]
[EventCountry "ROU"]
[SourceTitle "playchess.com"]
[Source "ChessBase"]
[SourceQuality "1"]
[TimeControl "40/5400+30:900+30"]

1. e4 e6 2. d4 d5 3. Nd2 c5 4. Ngf3 Nc6 5. exd5 exd5 6. Be2 c4 7. O-O Nf6 8. Re1 Be7 9. c3 O-O 10. Nf1 b5 11. Ng3 Be6 12. Ng5 Bd7 13. Bf4 h6 14. Nf3 Be6 15. Qc2 Re8 16. Rad1 b4 17. Ne5 Qb6 18. Bf3 Na5 19. Qd2 Bf8 20. Nh5 Nxh5 21. Bxh5 Nc6 22. Re3 Nxe5 23. Bxe5 bxc3 24. bxc3 Bf5 25. Rde1 Bg6 26. Bf3 Qc6 1/2-1/2

[Event "Romanian Championship 2024"]
[Site "Eforie Nord"]
[Date "2024.03.01"]
[Round "8.16"]
[White "Prelipcean, Eric-Matei"]
[Black "Melinte, Rares-Andrei"]
[Result "1-0"]
[ECO "A48"]
[WhiteElo "2103"]
[BlackElo "1989"]
[Annotator "NA RC"]
[PlyCount "85"]
[EventDate "2024.02.24"]
[EventType "swiss"]
[EventCountry "ROU"]
[SourceTitle "playchess.com"]
[Source "ChessBase"]
[SourceQuality "1"]
[TimeControl "40/5400+30:900+30"]

1. d4 Nf6 2. Nf3 g6 3. Bg5 Bg7 4. Nbd2 O-O 5. c3 c5 6. Bxf6 exf6 7. dxc5 Qc7 8. Nb3 b6 9. Qd6 Qb7 10. cxb6 axb6 11. e3 Na6 12. Bc4 Qc6 13. Qd3 Qc7 ({Black should try} 13... Nc7) 14. O-O $16 Bb7 15. Rfd1 d5 16. Bxd5 Rfd8 17. Qb5 Rxd5 18. Rxd5 Bc6 19. Qd3 Qb7 20. Rd8+ Bf8 21. Rxa8 Qxa8 22. Nbd4 Nc5 23. Qe2 Be4 24. Ne1 Bd6 25. f3 Bd5 26. c4 Bb7 27. Nb5 Bf8 28. a3 Qe8 29. b4 Ne6 30. Qd3 Qb8 31. Rd1 Qe5 32. Qc3 Qg5 33. Nd6 Ba8 34. Nc8 Bh6 35. Rd3 f5 36. Nxb6 Bb7 37. Qe5 Qh4 38. g3 Qh3 39. Qb8+ Kg7 40. Qxb7 f4 41. exf4 Nxf4 42. Qe4 Nxd3 43. Nxd3 1-0

[Event "Romanian Championship 2024"]
[Site "Eforie Nord"]
[Date "2024.03.01"]
[Round "8.17"]
[White "Costescu, Mihnea-Constantin"]
[Black "Nastase, Robert-Paul"]
[Result "0-1"]
[ECO "A85"]
[WhiteElo "1944"]
[BlackElo "2226"]
[Annotator "RC"]
[PlyCount "56"]
[EventDate "2024.02.24"]
[EventType "swiss"]
[EventCountry "ROU"]
[SourceTitle "playchess.com"]
[Source "ChessBase"]
[SourceQuality "1"]
[TimeControl "40/5400+30:900+30"]

1. Nf3 d5 2. d4 e6 3. c4 c6 4. e3 f5 5. Nc3 Nf6 6. Bd3 Bd6 7. Qc2 Ne4 8. h4 O-O 9. Bd2 h6 10. h5 Nd7 11. Nh4 Rf7 12. Ng6 Qg5 13. Bf1 Ndf6 14. Nf4 Bd7 15. Rh3 Re8 16. Nxe4 Nxe4 17. f3 Nxd2 18. Qxd2 e5 19. dxe5 Bxe5 20. O-O-O d4 21. Qc2 dxe3 22. Ne2 f4 23. Rh1 Bf5 24. Qb3 Bh7 25. Ng1 Rd8 26. Bd3 Rxd3 27. Rxd3 Bxd3 28. Qxd3 Qxg2 0-1